 Dungeon Crawl Stone Soup version 0.31.0-1-g2c135a0 (webtiles) character file.

Game seed: 18004056766218220388

293 bonegar the Sneak (level 6, -3/51 HPs)
             Began as a Naga Enchanter on Feb 3, 2024.
             Slain by a scorpion (6 damage)
             ... on level 4 of the Dungeon on Feb 11, 2024.
             The game lasted 00:31:48 (2826 turns).

bonegar the Sneak (Naga Enchanter)                  Turns: 2826, Time: 00:31:49

Health: -3/51      AC:  7    Str: 10    XL:     6   Next: 33%
Magic:  3/9        EV:  8    Int: 17    God:
Gold:   179        SH:  0    Dex: 12    Spells: 7/9 levels left

rFire   . . .        a - +1 dagger
rCold   . . .        (no shield)
rNeg    . . .        b - +0 robe
rPois   +            (no helmet)
rElec   .            (no cloak)
rCorr   .            (no gloves)
SInv    +            o - +0 barding
Will    .....        (no amulet)
Stlth   +++          (no ring)
HPRegen 0.28/turn    (no ring)
MPRegen 0.11/turn

%: no passive effects
@: very slow
A: AC +2, large, see invisible, deformed body, poison resistance, slowness 2,
spit poison 1, naga tail 1
a: Spit Poison


You were on level 4 of the Dungeon.
You visited 1 branch of the dungeon, and saw 4 of its levels.

You collected 179 gold pieces.

Inventory:

Hand Weapons
 a - a +1 dagger (weapon)
 f - a +0 whip
Missiles
 h - 2 throwing nets
Armour
 b - a +0 robe (worn)
 g - a +0 cloak
 o - a +0 barding (worn)
Scrolls
 d - 2 scrolls of blinking {unknown}
 e - a scroll of immolation {unknown}
 j - a scroll of poison
 k - a scroll of identify
 l - a scroll of teleportation {unknown}
 n - a scroll of enchant weapon {unknown}


   Skills:
 + Level 1.5 Fighting
 + Level 2.9 Short Blades
 + Level 2.9 Dodging
 + Level 6.6 Stealth
 + Level 2.4 Spellcasting
 + Level 3.3 Hexes
 + Level 1.2 Ice Magic


You had 7 spell levels left.
You knew the following spells:

 Your Spells              Type           Power      Damage    Failure   Level
a - Ensorcelled Hibernat  Hex/Ice        18%        N/A       11%         2

Your spell library contained the following spells:

 Spells                   Type           Power      Damage    Failure   Level
 Jinxbite                 Hex            26%        N/A       7%          2
 Confusing Touch          Hex            13%        N/A       14%         3
 Tukima's Dance           Hex            13%        N/A       14%         3
 Dazzling Flash           Conj/Hex       14%        N/A       28%         3
 Leda's Liquefaction      Alch/Erth      1%         N/A       88%         4
 Yara's Violent Unravell  Hex/Alch       3%         3d4       95%         5
 Lee's Rapid Deconstruct  Erth           1%         3d4*      99%         5
 Bombard                  Conj/Erth      1%         9d1       100%        6
 Enfeeble                 Hex            6%         N/A       100%        7


Dungeon Overview and Level Annotations

Branches:
Dungeon (4/15)
 Temple: D:4-7

Altars:
Fedhas

Shops:
D:3 =


Innate Abilities, Weirdness & Mutations

Your serpentine skin is tough. (AC +2)
You have supernaturally acute eyesight. (SInv)
Armour fits poorly on your strangely shaped body.
Your system is resistant to poisons. (rPois)
You cover ground very slowly.
You can spit poison.
You have a snake-like lower body.


Message History

The scorpion stings you.
You are poisoned.
The scorpion poisons you!
You hit the scorpion.
The scorpion is heavily wounded.
You feel very sick. The scorpion closely misses you.
You closely miss the scorpion.
The scorpion is heavily wounded.
You feel sick. The scorpion stings you.
* * * LOW HITPOINT WARNING * * *
You closely miss the scorpion. Your punch misses the scorpion.
The scorpion is heavily wounded.
You feel sick. The scorpion barely misses you.
You feel sick. The scorpion attacks as it pursues you!
The scorpion barely misses you. The scorpion stings you.
* * * LOW HITPOINT WARNING * * *
You hit the scorpion but do no damage.
The scorpion is heavily wounded.
You feel sick.
The scorpion stings you but does no damage.
You hit the scorpion.
The scorpion is heavily wounded.
You feel sick. The scorpion closely misses you.
You hit the scorpion but do no damage.
The scorpion is heavily wounded.
You feel sick. The scorpion barely misses you.
You hit the scorpion.
The scorpion is severely wounded.
The scorpion stings you.
* * * LOW HITPOINT WARNING * * *
You hit the scorpion.
The scorpion is almost dead.
You feel sick.
You are no longer poisoned.
The scorpion closely misses you.
You hit the scorpion but do no damage.
The scorpion is almost dead.
The scorpion stings you.
You die...

#### # #####...#
#####......#
......#....#
........############.#≈#
.......)........@s....≈#
......############....≈#
####### ....≈# ####≈≈≈
##


You could see a scorpion.

Vanquished Creatures
  A howler monkey (D:4)
  2 gnoll boudas (D:4)
  7 gnolls (D:4)
  5 adders
  A ribbon worm (D:1)
  A dart slug (D:3)
  3 orcs (D:3)
  6 ball pythons
  8 endoplasms
  2 giant cockroaches
  5 goblins
  7 hobgoblins
  4 jackals (D:1)
  4 kobolds
  5 quokkas
  9 bats
  5 frilled lizards
  4 rats
79 creatures vanquished.

Notes
Turn   | Place    | Note
-------+----------+-------------------------------------------
     0 | D:1      | bonegar the Naga Enchanter began the quest for the Orb.
     0 | D:1      | Reached XP level 1. HP: 15/15 MP: 3/3
   203 | D:1      | Reached XP level 2. HP: 19/22 MP: 5/5
   208 | D:1      | Learned a level 2 spell: Ensorcelled Hibernation
   237 | D:1      | Reached skill level 5 in Stealth
   531 | D:1      | Reached XP level 3. HP: 28/28 MP: 6/6
  1101 | D:2      | Reached XP level 4. HP: 37/37 MP: 2/7
  1468 | D:3      | Found a faded altar of an unknown god.
  1796 | D:3      | Reached skill level 1 in Fighting
  1796 | D:3      | Found Sereap's Jewellery Boutique.
  1820 | D:3      | Reached XP level 5. HP: 37/44 MP: 5/8
  1892 | D:3      | Found a blossoming altar of Fedhas.
  2251 | D:4      | Reached skill level 6 in Stealth
  2261 | D:4      | Reached skill level 1 in Ice Magic
  2309 | D:4      | Reached XP level 6. HP: 30/51 MP: 1/9
  2826 | D:4      | Slain by a scorpion

Illustrated notes

Levels and vault maps discovered:
D:1:      dpeg_arrival_brainrot, layout_loops_ring, minmay_tromino_i4
D:2:      layout_loops_ring
D:3:      kennysheep_big_flooded_room, layout_basic,
          mainiacjoe_overflow_24_doors, serial_shops, nicolae_shop_behind_doors,
          shapermc_ecumenical_altar_ellora, minmay_misc_feat_cross,
          kennysheep_cross_room, patterned_corridor
D:4:      layout_rooms, nicolae_overflow_two_pavilions, corexii_hall_statues_t,
          kennysheep_another_room

Skill      XL: |  1  2  3  4  5 |
---------------+----------------+-----
Dodging        | 2 |  2.9
Stealth        | 5 6 |  6.6
Fighting       | 1 |  1.5
Short Blades   | 2 |  2.9
Ice Magic      | 1 |  1.2
Spellcasting   | |  2.4
Hexes          | |  3.3

Action                     |  1- 3 |  4- 6 || total
---------------------------+-------+-------++-------
  Melee: Dagger            |   155 |   178 ||   333
         Punch             |       |     1 ||     1
   Cast: Ensorcelled Hiber |     9 |    21 ||    30
Ability: Spit Poison       |     3 |       ||     3
    Use: Potion            |       |     4 ||     4
         Scroll            |       |     2 ||     2
   Stab: Sleeping          |     8 |    13 ||    21
         Invisible         |       |     6 ||     6
 Armour: Robe              |   126 |   119 ||   245
  Dodge: Dodged            |   109 |    91 ||   200
